 Dungeon Crawl Stone Soup version 0.31-a0-145-g046c7d2549 (webtiles) character file.

Game seed: 15707051381467232084

15498 Ijustatesigmund the Timeless (level 12, -6/76 HPs)
             Began as an Octopode Venom Mage on June 6, 2023.
             Was a High Priest of Cheibriados.
             Mangled by a red ugly thing (18 damage)
             ... on level 12 of the Dungeon.
             The game lasted 00:43:55 (17859 turns).

Ijustatesigmund the Timeless (Octopode Venom Mage) Turns: 17859, Time: 00:43:57

Health: -6/76      AC:  2    Str: 21    XL:     12   Next: 27%
Magic:  15/22      EV: 16    Int: 36    God:    Cheibriados [*****.]
Gold:   1357       SH:  6    Dex: 30    Spells: 3/24 levels left

rFire   . . .        n - +12 spear of Mutilation {elec, rElec rCorr Int+3 Stlth+}
rCold   . . .        D - +0 buckler
rNeg    . . .        s - +1 hat
rPois   +            c - amulet of magic regeneration
rElec   +            r - ring of wizardry
rCorr   +            t - +6 ring of dexterity
SInv    .            v - ring of wizardry
Will    .....        A - +4 ring of slaying
Stlth   +++++        B - ring of poison resistance
HPRegen 0.32/turn    (no ring)
MPRegen 0.58/turn    (no ring)
                     (no ring)

%: wizardry (x2)
@: very slow
A: almost no armour, amphibious, 8 rings, camouflage 1, gelatinous body 1,
(nimble swimmer 1), tentacles
a: Renounce Religion, Bend Time, Temporal Distortion, Slouch, Step From Time


You were on level 12 of the Dungeon.
You worshipped Cheibriados.
Cheibriados was extremely pleased with you.
You visited 2 branches of the dungeon, and saw 13 of its levels.
You also visited: Bailey.

You collected 1517 gold pieces.
You spent 160 gold pieces at shops.

Inventory:

Hand Weapons
 n - the +12 spear of Mutilation (weapon) {elec, rElec rCorr Int+3 Stlth+}
   (You bought it in a shop on level 3 of the Dungeon)

   Int:       It affects your intelligence (+3).
   rElec:     It insulates you from electricity.
   rCorr:     It protects you from acid and corrosion.
   Stlth:     It makes you more stealthy.
Missiles
 u - 9 throwing nets
Armour
 s - a +1 hat (worn)
 y - the sphere of Battle
   (You found it on level 9 of the Dungeon)

   It enhances your destructive magic.
   It weakens your non-destructive magic.
   It summons a battlesphere in combat, with strength depending on Conjurations
   skill.
 D - a +0 buckler (worn)
Magical Staves
 g - a staff of poison
 z - a staff of death
Jewellery
 c - an amulet of magic regeneration (around mantle)
 k - a ring of ice
 r - a ring of wizardry (left tentacle)
 t - a +6 ring of dexterity (right tentacle)
 v - a ring of wizardry (on tentacle)
 A - a +4 ring of slaying (on tentacle)
 B - a ring of poison resistance (on tentacle)
Wands
 m - a wand of flame (16)
 w - a wand of polymorph (13)
Scrolls
 f - a scroll of fog
 h - a scroll of amnesia
 i - a scroll of enchant weapon
 o - 2 scrolls of teleportation
 q - a scroll of fear
Potions
 a - a potion of might
 b - a potion of curing
 d - 2 potions of cancellation
 e - 3 potions of brilliance
 j - 2 potions of attraction
 l - 2 potions of ambrosia
 p - a potion of lignification
 C - a potion of mutation
Miscellaneous
 x - a condenser vane


   Skills:
 - Level 4.8 Fighting
 - Level 4.0(4.2) Polearms
 - Level 1.8(3.1) Staves
 - Level 4.1 Dodging
 - Level 2.6 Stealth
 + Level 0.3 Shields
 + Level 6.8 Spellcasting
 + Level 6.6 Conjurations
 - Level 4.6 Necromancy
 - Level 4.5 Translocations
 - Level 4.4 Transmutations
 - Level 6.0 Air Magic
 - Level 4.0 Earth Magic
 + Level 8.0 Poison Magic
 + Level 9.2 Invocations
 + Level 1.4 Evocations


You had 3 spell levels left.
You knew the following spells:

 Your Spells              Type           Power      Damage    Failure   Level
a - Sting                 Tmut/Pois      100%       1d8       1%          1
b - Poisonous Vapours     Pois/Air       100%       N/A       1%          2
c - Mephitic Cloud        Conj/Pois/Air  58%        N/A       1%          3
d - Searing Ray           Conj           100%       2d8       1%          2
e - Stone Arrow           Conj/Erth      100%       3d13      1%          3
f - Apportation           Tloc           90%        N/A       1%          1
g - Olgreb's Toxic Radia  Pois           63%        N/A       1%          4
h - Borgnjor's Vile Clut  Necr/Erth      21%        N/A       5%          5

Your spell library contained the following spells:

 Spells                   Type           Power      Damage    Failure   Level
 Freeze                   Ice            48%        1d6       1%          1
 Magic Dart               Conj           100%       1d8       1%          1
 Necrotise                Necr           100%       1d9       1%          1
 Sandblast                Erth           82%        2d17      1%          1
 Summon Small Mammal      Summ           48%        N/A       1%          1
 Call Imp                 Summ           24%        N/A       1%          2
 Ensorcelled Hibernation  Hex/Ice        24%        N/A       1%          2
 Passwall                 Tmut/Erth      35%        N/A       1%          2
 Hailstorm                Conj/Ice       36%        3d9       1%          3
 Swiftness                Air            54%        N/A       1%          3
 Vampiric Draining        Necr           45%        2d9       1%          3
 Frozen Ramparts          Ice            24%        1d4       3%          3
 Alistair's Intoxication  Tmut/Pois      36%        N/A       2%          5
 Fulminant Prism          Conj/Hex       18%        3d10      3%          4
 Ice Form                 Ice/Tmut       28%        N/A       4%          4
 Agony                    Necr           45%        N/A       4%          5
 Summon Ice Beast         Ice/Summ       12%        N/A       11%         4
 Eringya's Noxious Bog    Tmut/Pois      27%        N/A       13%         6


Dungeon Overview and Level Annotations

Branches:
Dungeon (12/15)            Temple (1/1) D:4            Lair (0/5) D:11
    Orc (0/2) D:10         Bailey (visited)

Altars:
Ashenzari
Cheibriados
Dithmenos
Elyvilon
Fedhas
Gozag
Hepliaklqana
Kikubaaqudgha
Makhleb
Nemelex Xobeh
Okawaru
Qazlal
Ru
Sif Muna
Trog
Uskayaw
Vehumet
Wu Jian
Xom
Yredelemnul
Zin
The Shining One

Shops:
D:3 *(

Annotations:
D:10 2 transporters


Innate Abilities, Weirdness & Mutations

You cannot wear most types of armour.
You are amphibious.
You can wear up to eight rings at the same time.
Your skin changes colour to match your surroundings (Stealth+).
Your rubbery body absorbs attacks. (AC +1, EV +1)
((You are camouflaged when in or above water. (Stealth+)))
You have tentacles for arms and can constrict up to eight enemies at once.


Message History

No target in view!
No target in view!
No target in view!
No target in view!
No target in view!
A red ugly thing comes into view.
Things that are here:
6 large rocks; a cyclops corpse
Casting: Poisonous Vapours (safe; 1% risk of failure)
Confirm with . or Enter, or press ? or * to list all spells.
Aiming: Poisonous Vapours (safe; 1% risk of failure)
Press: ? - help, Dir - move target, f - red ugly thing
Aim: a red ugly thing (wandering, hasn't noticed you) Poisonous vapours surround the red ugly thing!
The red ugly thing looks as sick as possible!
The red ugly thing gurgles horribly!
The red ugly thing stings you!
You are engulfed in flames!!
Casting: Poisonous Vapours (safe; 1% risk of failure)
Confirm with . or Enter, or press ? or * to list all spells.
Aiming: Poisonous Vapours (safe; 1% risk of failure)
Press: ? - help, Dir - move target, f/p - red ugly thing
Aim: a red ugly thing (extremely poisoned) Poisonous vapours surround the red ugly thing!
The red ugly thing looks as sick as possible!
You block the red ugly thing's attack.
Unknown command.
You closely miss the red ugly thing. You grab the red ugly thing.
You squeeze the red ugly thing.
The red ugly thing is lightly wounded.
You constrict the red ugly thing. The red ugly thing stings you.
You are engulfed in flames!!
You are too injured to fight recklessly!
Activating: Slouch (2% risk of failure)
Press: ? - help, Dir - look around, f - activate You can feel time thicken for a moment.
Cheibriados lowers the support of your attributes as your movement quickens.
You constrict the red ugly thing. The red ugly thing stings you!
* * * LOW HITPOINT WARNING * * *
You are engulfed in flames!!
You die...

#.#####.#
#.##.....###
#.......#
#.###...##
#########
#.# #####
#.# #.# #.#
#.####
#....##
#@....#
#.u........
#.......###
#.......#
#...^...#
###.....#
#.....#
#'#####


You could see a red ugly thing (extremely poisoned).

Vanquished Creatures
  Josephine (D:10)
  Harold (D:9)
  A boulder beetle (D:11)
  Nergalle (D:11)
  Pikel (D:7)
  2 manticores (D:12)
  2 cyclopes
  3 gargoyles
  A tengu conjurer (D:9)
  2 trolls
  A hornet (D:7)
  A shadow (D:10)
  3 wyverns
  6 yaks (D:9)
  5 wraiths (D:10)
  3 steam dragons
  4 water moccasins
  An acid dragon (D:10)
  4 orc warriors
  An ice beast (D:6)
  3 black bears
  11 wolves
  An ogre (D:7)
  A centaur (D:11)
  3 kobold brigands
  8 gnoll sergeants (Bailey)
  A scorpion (D:5)
  4 bullfrogs
  21 wights
  11 killer bees (D:9)
  4 electric eels (D:11)
  3 howler monkeys
  2 jellies (D:5)
  9 hounds
  7 orc priests
  9 gnoll boudas
  5 iguanas
  2 sleepcaps (D:7)
  14 orc wizards
  19 gnolls
  10 adders
  2 ufetubi
  2 dart slugs
  52 orcs
  4 ball pythons
  6 endoplasms
  6 giant cockroaches
  9 goblins
  8 hobgoblins
  2 jackals (D:1)
  8 quokkas
  7 bats
  6 frilled lizards
  18 kobolds
  23 rats
345 creatures vanquished.

Vanquished Creatures (collateral kills)
  A sleepcap (D:6)
1 creature vanquished.

Grand Total: 346 creatures vanquished

Notes
Turn   | Place    | Note
-------+----------+-------------------------------------------
     0 | D:1      | Ijustatesigmund the Octopode Venom Mage began the quest for
                  | the Orb.
     0 | D:1      | Reached XP level 1. HP: 11/11 MP: 3/3
   370 | D:1      | Reached XP level 2. HP: 10/18 MP: 0/5
   517 | D:1      | Learned a level 2 spell: Poisonous Vapours
   560 | D:1      | Reached skill level 1 in Fighting
   618 | D:1      | Reached XP level 3. HP: 23/23 MP: 6/6
   622 | D:1      | Learned a level 3 spell: Mephitic Cloud
  1313 | D:2      | Reached skill level 1 in Conjurations
  1313 | D:2      | Reached skill level 1 in Air Magic
  1313 | D:2      | Reached XP level 4. HP: 25/28 MP: 7/7
  2462 | D:3      | Reached XP level 5. HP: 33/33 MP: 1/9
  2662 | D:3      | Found Cyulialico's Antique Weapon Shoppe.
  2699 | D:3      | Found an opulent altar of Gozag.
  2702 | D:3      | Found Gozag's Platinum Reserve.
  3462 | D:3      | Found a faded altar of an unknown god.
  3946 | D:4      | HP: 1/33 [quokka (4)]
  4135 | D:4      | Reached skill level 5 in Poison Magic
  4135 | D:4      | Reached XP level 6. HP: 19/38 MP: 3/10
  4894 | D:4      | Found a staircase to the Ecumenical Temple.
  4903 | Temple   | Entered the Ecumenical Temple
  4908 | Temple   | Became a worshipper of Cheibriados the Contemplative
  5238 | D:5      | Entered Level 5 of the Dungeon
  5704 | D:5      | Reached skill level 1 in Invocations
  6066 | D:5      | Learned a level 2 spell: Searing Ray
  6080 | D:5      | Reached XP level 7. HP: 43/43 MP: 7/12
  6517 | D:5      | Reached * piety under Cheibriados
  6518 | D:5      | Reached skill level 1 in Staves
  6583 | D:5      | Reached skill level 2 in Invocations
  7327 | D:3      | Bought a polished spear for 160 gold pieces
  7327 | D:3      | Identified the +12 spear of Mutilation {elec, rElec rCorr
                  | Int+3 Stlth+} (You bought it in a shop on level 3 of the
                  | Dungeon)
  7548 | D:6      | Reached XP level 8. HP: 51/51 MP: 7/13
  7561 | D:6      | Reached skill level 1 in Polearms
  7693 | D:6      | Reached skill level 3 in Invocations
  8572 | D:6      | Found an iron altar of Okawaru.
  8727 | D:6      | Reached ** piety under Cheibriados
  8752 | D:6      | Reached skill level 4 in Invocations
  9080 | D:7      | Noticed Pikel
  9085 | D:7      | Killed Pikel
  9086 | D:7      | Reached XP level 9. HP: 53/58 MP: 15/15
  9090 | D:7      | Learned a level 3 spell: Stone Arrow
  9101 | D:7      | Found a flagged portal.
  9106 | Bailey   | Entered a bailey
  9386 | Bailey   | Reached skill level 5 in Invocations
  9639 | Bailey   | Reached *** piety under Cheibriados
  9640 | Bailey   | Reached skill level 5 in Spellcasting
  9776 | Bailey   | Reached skill level 1 in Earth Magic
 10044 | Bailey   | Reached XP level 10. HP: 62/65 MP: 11/17
 10570 | Bailey   | Learned a level 1 spell: Apportation
 10575 | Bailey   | Learned a level 4 spell: Olgreb's Toxic Radiance
 10678 | D:7      | Found a shimmering blue altar of Sif Muna.
 11222 | D:7      | Reached skill level 6 in Invocations
 11225 | D:7      | Reached **** piety under Cheibriados
 11287 | D:7      | Reached skill level 5 in Conjurations
 11306 | D:7      | Reached skill level 5 in Air Magic
 11624 | D:7      | Found a radiant altar of Vehumet.
 11625 | D:7      | Found a glowing golden altar of the Shining One.
 12579 | D:8      | Reached ***** piety under Cheibriados
 12598 | D:8      | Noticed a cyclops
 12604 | D:8      | Killed a cyclops
 12679 | D:8      | Found a stormy altar of Qazlal.
 13523 | D:9      | Reached XP level 11. HP: 70/70 MP: 17/20
 13758 | D:9      | Reached skill level 7 in Invocations
 14026 | D:9      | Noticed Harold
 14033 | D:9      | Killed Harold
 14245 | D:9      | Learned a level 5 spell: Borgnjor's Vile Clutch
 14695 | D:9      | Found the sphere of Battle
 14699 | D:9      | Reached skill level 1 in Necromancy
 14699 | D:9      | Reached skill level 1 in Translocations
 15062 | D:10     | Entered Level 10 of the Dungeon
 15098 | D:10     | Identified the +5 mace of Kozippup {flame, rN+}
 15217 | D:10     | Noticed Josephine
 15228 | D:10     | Killed Josephine
 15237 | D:10     | Reached skill level 8 in Invocations
 15437 | D:10     | Found a hide-covered altar of Uskayaw.
 15505 | D:10     | Found a staircase to the Orcish Mines.
 15607 | D:10     | Found a transporter.
 15609 | D:10     | Found a transporter.
 15609 | D:10     | Noticed a boulder beetle
 15790 | D:11     | Found a staircase to the Lair.
 15819 | D:11     | Noticed a boulder beetle
 15833 | D:11     | Killed a boulder beetle
 16219 | D:11     | Reached XP level 12. HP: 53/76 MP: 19/21
 16277 | D:11     | Noticed Nergalle
 16288 | D:11     | Killed Nergalle
 16849 | D:12     | Reached skill level 9 in Invocations
 17658 | D:12     | Reached skill level 1 in Evocations
 17859 | D:12     | Mangled by a red ugly thing

Illustrated notes

Levels and vault maps discovered:
D:1:      lordsloth_arrival_two_stooges, layout_rooms, roderic_roman_lattice,
          minmay_misc_feat_room, nrook_campfire, chequers_mini_garden
D:2:      layout_loops_cross, dreamdust_mushroom_princess,
          kennysheep_decorative_pillar
D:3:      layout_loops_corners, nicolae_gozag_zags_fifth_avenue,
          ebering_ecumenical_altar_petrified, serial_shops, shop,
          minmay_rat_hole
D:4:      layout_loops_cross, lemuel_temple_firewalk_a
D:5:      layout_basic, minmay_a_box_with_orc_wizards_in_it
D:6:      layout_loops_cross, kennysheep_okawaru_gauntlet,
          kennysheep_generic_room_8
D:7:      layout_loops_ring, nicolae_sif_muna_condensation,
          gammafunk_temple_overflow_pools, enter_bailey_1, uniq_pikel
D:8:      layout_rooms, nicolae_qazlal_eye_of_the_storm, special_room
          [special_room_orc]
D:9:      layout_cave_pods, st_stairs_6,
          hellmonk_guarded_unrand_sphere_of_battle, uniq_harold
D:10:     gammafunk_boulding_lane, layout_cave_pools, kennysheep_mini,
          orc_0_dummy, uniq_josephine
D:11:     layout_basic, erik_lair_island, uniq_nergalle
D:12:     layout_loops_corners, minivault_27, nzn_sisyphean_effort,
          uniq_jorgrun, uniq_fannar
Temple:   minmay_freezing_vapour_temple

Skill      XL: |  1  2  3  4  5  6  7  8  9 10 11 12 |
---------------+-------------------------------------+-----
Fighting       | 1 2 4 |  4.8
Poison Magic   | 4 5 7 8 |  8.0
Conjurations   | 1 2 3 4 5 6 |  6.6
Air Magic      | 1 2 3 4 5 6 |  6.0
Spellcasting   | 3 4 5 6 |  6.8
Invocations    | 1 2 4 5 6 8 9 |  9.2
Staves         | 1 |  1.8
Polearms       | 3 4 |  4.0
Dodging        | 3 4 |  4.1
Earth Magic    | 1 3 4 |  4.0
Transmutations | 2 4 |  4.4
Necromancy     | 4 |  4.6
Translocations | 4 |  4.5
Evocations     | 1 |  1.4
Stealth        | |  2.6
Shields        | |  0.3

Action                     |  1- 3 |  4- 6 |  7- 9 | 10-12 || total
---------------------------+-------+-------+-------+-------++-------
  Melee: Unarmed           |    21 |       |       |       ||    21
         Constrict         |    17 |    27 |    15 |    28 ||    87
         Tentacles         |    11 |    26 |    17 |    36 ||    90
         Short sword       |    34 |    44 |       |       ||    78
         Punch             |     1 |     2 |     1 |     4 ||     8
         Staff             |       |    73 |    20 |       ||    93
         Spear             |       |       |    62 |   182 ||   244
   Cast: Sting             |    16 |     2 |     2 |       ||    20
         Poisonous Vapours |    12 |    72 |    73 |    65 ||   222
         Mephitic Cloud    |       |     3 |    20 |     5 ||    28
         Searing Ray       |       |       |     3 |    14 ||    17
         Olgreb's Toxic Ra |       |       |       |    22 ||    22
         Borgnjor's Vile C |       |       |       |     3 ||     3
 Invoke: Slouch            |       |       |       |     5 ||     5
  Evoke: Wand              |       |       |       |     2 ||     2
    Use: Scroll            |     3 |    13 |     4 |     5 ||    25
         Potion            |       |     4 |     2 |     6 ||    12
   Stab: Sleeping          |     5 |     4 |     1 |     8 ||    18
         Invisible         |       |     1 |       |       ||     1
         Confused          |       |       |       |     1 ||     1
 Armour: Skin              |     9 |     7 |     2 |     5 ||    23
  Dodge: Dodged            |    41 |    70 |    61 |   128 ||   300
  Block: Buckler           |       |       |       |     2 ||     2

Table legend: (Time is in decaauts)
 A = Elapsed time spent in this place.
 B = Non-inter-level travel time spent in this place.
 C = Inter-level travel time spent in this place.
 D = Time resting spent in this place.
 E = Time spent auto-exploring this place.
 F = Levels seen in this place.
 G = Mean time per level.
                   A        B        C        D        E       F      G
               +--------+--------+--------+--------+--------+-----+--------+
         Total |  21398 |  20644 |    754 |   7681 |  10425 |  14 | 1528.4 |
       Dungeon |  19699 |  18952 |    747 |   6572 |  10214 |  12 | 1641.6 |
        Temple |     11 |      5 |      6 |      0 |      0 |   1 |   11.0 |
        Bailey |   1687 |   1687 |      0 |   1109 |    211 |   1 | 1687.0 |
               +--------+--------+--------+--------+--------+-----+--------+

Top non-repeatable levels by time:
     D:9: 2336 daAuts
     D:7: 2061 daAuts
     D:5: 2004 daAuts
     D:6: 1817 daAuts
     D:4: 1788 daAuts
     D:3: 1756 daAuts
     D:8: 1702 daAuts
  Bailey: 1687 daAuts
    D:11: 1549 daAuts
    D:12: 1347 daAuts
     D:2: 1217 daAuts
     D:1: 1100 daAuts
    D:10: 1015 daAuts
  Temple: 11 daAuts
